 Dungeon Crawl Stone Soup version 0.26-a0-1013-gf6ffb0d6bd (webtiles) character file.

Game seed: 17133519970509317933

16 dickylongcocking the Stinger (level 2, -5/22 HPs)
             Began as a Naga Venom Mage on Dec 8, 2020.
             Slain by a gnoll
             ... wielding a +0 halberd
              (10 damage)
             ... on level 1 of the Dungeon.
             The game lasted 00:00:56 (499 turns).

dickylongcocking the Stinger (Naga Venom Mage)       Turns: 499, Time: 00:00:56

Health: -5/22      AC:  1    Str: 10    XL:     2   Next: 58%
Magic:  2/5        EV: 10    Int: 15    God:
Gold:   28         SH:  0    Dex: 11    Spells: 4/5 levels left

rFire    . . .     SeeInvis +   (no weapon)
rCold    . . .     Faith    .   (no shield)
rNeg     . . .     Spirit   .   a - +0 robe
rPois    +         Reflect  .   (no helmet)
rElec    .         Harm     .   (no cloak)
rCorr    .         Rampage  .   (no gloves)
Will     .....                  (no barding)
Stlth    ++........             (no amulet)
HPRegen  0.07/turn              (no ring)
MPRegen  0.09/turn              (no ring)

@: short of breath, very slow
A: large, see invisible, deformed body, poison resistance, slowness 2, spit
poison 1, AC +0
a: Spit Poison


You were on level 1 of the Dungeon.
You visited 1 branch of the dungeon, and saw 1 of its levels.

You collected 28 gold pieces.

Inventory:

Armour
 a - a +0 robe (worn)
Scrolls
 b - 3 scrolls of remove curse {unknown}
 c - a scroll of identify {unknown}
 d - a scroll of random uselessness {unknown}
 e - a scroll of noise {unknown}


   Skills:
 - Level 1.5 Dodging
 - Level 3.0 Stealth
 - Level 2.0 Spellcasting
 - Level 1.0 Transmutations
 * Level 5.1 Poison Magic


You had 4 spell levels left.
You knew the following spells:

 Your Spells              Type           Power        Failure   Level
a - Sting                 Tmut/Pois      ##..         6%          1

Your spell library contained the following spells:

 Spells                   Type           Power        Failure   Level
 Poisonous Vapours        Pois/Air       #.....       12%         2
 Olgreb's Toxic Radiance  Pois           ###.....     26%         4
 Ignite Poison            Fire/Tmut/Pois #.......     28%         3
 Mephitic Cloud           Conj/Pois/Air  #.......     32%         3


Dungeon Overview and Level Annotations

Branches:
Dungeon (1/15)

Altars:


Innate Abilities, Weirdness & Mutations

You cannot wear boots.
Your serpentine skin is tough. (AC +0)
You have supernaturally acute eyesight. (SInv)
Armour fits poorly on your strangely shaped body.
Your system is resistant to poisons. (rPois)
You cover ground very slowly.
You can spit poison.


Message History

Unknown command.
Casting: Sting (safe; 6% risk of failure)
Confirm with . or Enter, or press ? or * to list all spells.
Aiming: Sting (safe; 6% risk of failure)
Press: ? - help, Shift-Dir - straight line, f/p - gnoll
Aim: a gnoll, wielding a +0 halberd (lightly wounded, very poisoned, 25% to evade)
The sting hits the gnoll.
The gnoll looks even sicker.
The gnoll is lightly wounded.
The gnoll hits you from afar with a +0 halberd!
* * * LOW HITPOINT WARNING * * *
Unknown command.
You aren't carrying any potions.
Unknown command.
There's nothing to close nearby.
You aren't carrying any items that you can evoke.
Unknown command.
You aren't carrying any items that you can evoke.
Unknown command.
The gnoll hits you from afar with a +0 halberd!
You die...

# #. #
#############
#...........#
#.#########.#
#.# #.# #@#
#[# #.######
#># #.g....#
#.# ###
######.# #.#
#.. #.####..
#.....).
######.. #..
#..


You could see a gnoll (very poisoned).

Vanquished Creatures
  A ball python (D:1)
  3 bats (D:1)
  2 giant cockroaches (D:1)
  A goblin (D:1)
  A hobgoblin (D:1)
  3 kobolds (D:1)
  A frilled lizard (D:1)
  3 rats (D:1)
15 creatures vanquished.

Notes
Turn   | Place    | Note
-------+----------+-------------------------------------------
     0 | D:1      | dickylongcocking the Naga Venom Mage began the quest for
                  | the Orb.
     0 | D:1      | Reached XP level 1. HP: 15/15 MP: 3/3
   290 | D:1      | Reached XP level 2. HP: 22/22 MP: 5/5
   373 | D:1      | Reached skill level 5 in Poison Magic
   499 | D:1      | Slain by a gnoll

Illustrated notes

Levels and vault maps discovered:
D:1:      dpeg_arrival_rooms_a, layout_loops_ring, minmay_splitting_lines

Skill      XL: |  1  2 |
---------------+-------+-----
Poison Magic   | 5 |  5.1
Dodging        | |  1.5
Stealth        | |  3.0
Spellcasting   | |  2.0
Transmutations | |  1.0

Action                   || total
-------------------------++-------
Melee: Unarmed           ||     4
 Cast: Sting             ||    14
 Abil: Spit Poison       ||    14
Armor: Robe              ||     4
Dodge: Dodged            ||     8

Table legend: (Time is in decaauts)
 A = Elapsed time spent in this place.
 B = Non-inter-level travel time spent in this place.
 C = Inter-level travel time spent in this place.
 D = Time resting spent in this place.
 E = Time spent auto-exploring this place.
 F = Levels seen in this place.
 G = Mean time per level.
                   A        B        C        D        E       F      G
               +--------+--------+--------+--------+--------+-----+--------+
         Total |    577 |    577 |      0 |    112 |    359 |   1 |  577.0 |
       Dungeon |    577 |    577 |      0 |    112 |    359 |   1 |  577.0 |
               +--------+--------+--------+--------+--------+-----+--------+

Top non-repeatable levels by time:
     D:1: 577 daAuts
